 Dungeon Crawl Stone Soup version 0.23.1 (webtiles) character file.

Game seed: 0

1876 Descartes the Stinger (level 9, -3/45 HPs)
             Began as a Vine Stalker Wanderer on Mar 2, 2019.
             Was an Initiate of Vehumet.
             Slain by an orc warrior
             ... wielding a +0 battleaxe
              (12 damage)
             ... on level 6 of the Dungeon.
             The game lasted 00:21:02 (5550 turns).

Descartes the Stinger (Vine Stalker Wanderer)       Turns: 5550, Time: 00:21:06

Health: -3/45      AC:  2    Str: 19    XL:     9   Next: 14%
Magic:  0/25       EV: 11    Int: 12    God:    Vehumet [......]
Gold:   287        SH:  5    Dex: 13    Spells: 12/16 levels left

rFire    . . .     SeeInvis +   b - +0 spear
rCold    . . .     Gourm    .   c - +0 buckler
rNeg     . . .     Faith    .   t - +0 ring mail
rPois    .         Spirit   +   (no helmet)
rElec    .         Reflect  .   (no cloak)
rCorr    .         Harm     .   (no gloves)
MR       +....                  y - +0 pair of boots
Stlth    +.........             (no amulet)
HPRegen  0.55/turn              r - ring of see invisible
MPRegen  0.19/turn              h - ring of magical power

@: corroded
A: fangs 3, regeneration 1, magic shield, antimagic bite, no potion heal 3, rot
immunity
a: Renounce Religion


You were on level 6 of the Dungeon.
You worshipped Vehumet.
Vehumet was noncommittal.
You were not hungry.

You visited 2 branches of the dungeon, and saw 7 of its levels.

You collected 287 gold pieces.

Inventory:

Hand Weapons
 a - a +0 hunting sling
 b - a +0 spear (weapon)
 d - a +0 halberd of flaming
 u - a +0 shortbow
 E - a +0 mace of draining
 L - a +1 whip of flaming
Missiles
 j - 23 poisoned needles
 m - 30 bolts
 n - 67 stones (quivered)
 A - 22 sling bullets
 B - 7 tomahawks
 C - 109 arrows
Armour
 c - a +0 buckler (worn)
 t - a +0 ring mail (worn)
 y - a +0 pair of boots (worn)
 H - a +1 leather armour of cold resistance
Jewellery
 h - a ring of magical power (right hand)
 q - an uncursed ring of stealth
 r - a ring of see invisible (left hand)
 w - a +2 ring of intelligence
Scrolls
 e - a scroll of noise {unknown}
 k - 4 scrolls of enchant armour {unknown}
 l - 2 scrolls of teleportation {unknown}
 o - a scroll of magic mapping {unknown}
 p - a scroll of fog {unknown}
 v - a scroll of fear {unknown}
 x - a scroll of summoning {unknown}
 F - a scroll of remove curse
 G - a scroll of blinking {unknown}
 J - a scroll of enchant weapon {unknown}
Potions
 g - 4 potions of heal wounds
 i - 4 potions of flight
 s - a potion of cancellation
 z - 3 potions of curing {unknown}
 D - a potion of mutation {unknown}
 I - 2 potions of might {unknown}
Comestibles
 f - 12 rations
 K - 2 chunks of flesh


   Skills:
 + Level 3.8 Fighting
 - Level 1.0 Throwing
 - Level 1.5 Armour
 + Level 2.1 Dodging
 * Level 3.9 Shields
 * Level 4.4 Unarmed Combat
 * Level 4.1 Spellcasting
 * Level 4.1 Conjurations
   Level 1.0 Fire Magic
 * Level 3.8 Air Magic
 * Level 4.7 Poison Magic


You had 12 spell levels left.
You knew the following spells:

 Your Spells              Type           Power        Failure   Level  Hunger
a - Sting                 Conj/Pois      ##..         6%          1    #......
b - Mephitic Cloud        Conj/Pois/Air  ##......     21%         3    ###....

Your spell library contained the following spells:

 Spells                   Type           Power        Failure   Level  Hunger
 Poisonous Vapours        Pois/Air       ##....       10%         2    ##.....
 Olgreb's Toxic Radiance  Pois           ##......     47%         4    #####..
 Venom Bolt               Conj/Pois      ##........   86%         5    ######.


Dungeon Overview and Level Annotations

Branches:
Dungeon (6/15)             Temple (1/1) D:6

Altars:
Cheibriados
Dithmenos
Elyvilon
Fedhas
Gozag
Hepliaklqana
Makhleb
Qazlal
Ru
Sif Muna
Trog
Uskayaw
Vehumet
Wu Jian
Yredelemnul
Zin
The Shining One

Annotations:
D:6 Menkaure


Innate Abilities, Weirdness & Mutations

You have razor-sharp teeth.
Your natural rate of healing is unusually fast.
When hurt, damage is shared between your health and your magic reserves.
Your bite disrupts and absorbs the magic of your enemies.
Potions cannot restore your health.
You are immune to rotting.


Message History

* * * LOW HITPOINT WARNING * * *
The orc priest barely misses you. The orc warrior barely misses you.
You closely miss the orc priest. Your bite misses the orc priest.
The orc priest is heavily wounded.
The orc warrior hits you from afar with a cursed +0 halberd.
* * * LOW HITPOINT WARNING * * *
The orc priest hits you but does no damage.
Your magical contamination has completely faded away.
You barely miss the orc priest. Your bite misses the orc priest.
The orc priest is heavily wounded.
The orc warrior barely misses you. The orc warrior misses you.
The orc priest hits you but does no damage.
You block the orc warrior's attack. You block the orc priest's attack.
The orc warrior barely misses you. The rust devil hits you.
* * * LOW HITPOINT WARNING * * *
The rust devil corrodes you!
You climb downwards.
Level annotation: Menkaure The orc warrior hits you with a +0 battleaxe!
You die...

#.#.
#.....#....###.#.#..####
#... #)....#.####
#...#...... ###
#.#.###.#.#####.##...##.
#o#.M...#........#...##.
#.####..#.##.###.##.....
o. #...o....##..#..###
## #.##.#######.#..#
#o##'## #....# #o@4o.#
##...# ###o..# #...#
#..)# #..### #...#
#....# #...# #.>#.#
#...########.#.##
##....##.p...#.p.
####.##.######## #.##.#


You could see a rust devil, 2 orc warriors, an orc priest and an orc wizard.

Vanquished Creatures
  Pikel (D:6)
  A sky beast (D:5)
  2 ogres
  2 centaurs
  Blork the orc (D:4)
  A bullfrog (D:5)
  A howler monkey (D:4)
  A crimson imp (D:5)
  3 bullfrog zombies
  2 bullfrog skeletons
  3 orc priests
  A hound (D:5)
  A jelly (D:6)
  2 centaur skeletons (D:4)
  2 orc wizards (D:6)
  3 iguanas
  Natasha (twice) (D:3)
  3 worker ants
  8 adders
  2 oozes
  2 worms
  2 adder skeletons
  3 dart slugs
  A leopard gecko (D:2)
  13 orcs
  6 bats
  4 giant cockroaches
  3 hobgoblins
  5 jackals (D:2)
  4 kobolds
  A quokka (D:5)
  A ball python (D:5)
  10 frilled lizards
  A giant cockroach zombie (D:5)
  8 goblins
  A leopard gecko skeleton (D:4)
  6 rats
113 creatures vanquished.

Vanquished Creatures (others)
  An ice beast (D:6)
1 creature vanquished.

Grand Total: 114 creatures vanquished

Notes
Turn   | Place    | Note
-------+----------+-------------------------------------------
     0 | D:1      | Descartes the Vine Stalker Wanderer began the quest for the
                  | Orb.
     0 | D:1      | Descartes set off with the following items: a +0 spear, a
                  | +0 buckler, a +0 robe, a ration; and the following spell
                  | memorised: Sting; and the following spells available to
                  | memorise: Poisonous Vapours, Mephitic Cloud, Olgreb's Toxic
                  | Radiance, Venom Bolt
     0 | D:1      | Reached XP level 1. HP: 11/11 MP: 2/2
   246 | D:1      | Reached XP level 2. HP: 16/16 MP: 3/3
   363 | D:1      | Reached skill level 1 in Spellcasting
   661 | D:1      | Reached skill level 1 in Unarmed Combat
   785 | D:2      | Reached XP level 3. HP: 16/19 MP: 5/5
   991 | D:2      | Found a glowing silver altar of Zin.
   993 | D:2      | Found a deep blue altar of Sif Muna.
  1043 | D:2      | Reached skill level 1 in Conjurations
  1443 | D:2      | Gained mutation: Your natural rate of healing is unusually
                  | fast. [Vine Stalker growth]
  1443 | D:2      | Reached XP level 4. HP: 23/23 MP: 6/6
  1672 | D:2      | Learned a level 3 spell: Mephitic Cloud
  1879 | D:3      | Noticed Natasha
  1889 | D:3      | Killed Natasha
  1929 | D:3      | Reached XP level 5. HP: 28/28 MP: 8/8
  2087 | D:3      | Noticed Natasha
  2098 | D:3      | Killed Natasha
  2256 | D:3      | Reached skill level 1 in Air Magic
  2715 | D:4      | Reached skill level 1 in Dodging
  2837 | D:4      | Reached XP level 6. HP: 32/32 MP: 10/10
  3126 | D:4      | Noticed Blork the orc
  3148 | D:4      | Killed Blork the orc
  3189 | D:4      | Reached XP level 7. HP: 4/36 MP: 8/11
  3650 | D:5      | Entered Level 5 of the Dungeon
  3867 | D:5      | Found a glowing golden altar of the Shining One.
  4010 | D:5      | Gained mutation: You have razor-sharp teeth. [Vine Stalker
                  | growth]
  4010 | D:5      | Reached XP level 8. HP: 40/40 MP: 13/13
  4461 | D:5      | Found a sacrificial altar of Ru.
  5075 | D:6      | Found a staircase to the Ecumenical Temple.
  5106 | Temple   | Entered the Ecumenical Temple
  5147 | Temple   | Became a worshipper of Vehumet
  5407 | D:6      | Noticed Pikel
  5435 | D:6      | Killed Pikel
  5435 | D:6      | Reached XP level 9. HP: 36/45 MP: 16/16
  5531 | D:6      | Noticed Menkaure
  5544 | D:5      | Noticed a rust devil
  5544 | D:5      | Noticed a rust devil
  5550 | D:6      | Slain by an orc warrior

Skill      XL: |  1  2  3  4  5  6  7  8 |
---------------+-------------------------+-----
Spellcasting   | 1 2 3 4 |  4.1
Unarmed Combat | 1 2 3 4 |  4.4
Conjurations   | 1 2 3 4 |  4.1
Fighting       | 3 |  3.8
Air Magic      | 1 2 3 |  3.8
Dodging        | 1 2 |  2.1
Shields        | 2 3 |  3.9
Poison Magic   | 3 4 |  4.7
Throwing       | |  1.0
Armour         | |  1.5
Fire Magic     | |  1.0

Action                   |  1- 3 |  4- 6 |  7- 9 || total
-------------------------+-------+-------+-------++-------
Melee: Spear             |   135 |   179 |   284 ||   598
       Bite              |    23 |    59 |    95 ||   177
       Halberd           |       |       |     6 ||     6
 Fire: Hunting sling     |       |    62 |    19 ||    81
 Cast: Sting             |       |     1 |       ||     1
  Use: Scroll            |       |     3 |     2 ||     5
 Stab: Sleeping          |     2 |       |       ||     2
  Eat: Chunk             |     2 |     6 |     8 ||    16
Armor: Robe              |    12 |       |       ||    12
       Ring mail         |    24 |    27 |    73 ||   124
       Leather armour    |       |     5 |     3 ||     8
Dodge: Dodged            |    50 |    97 |   122 ||   269
Block: Buckler           |    21 |    37 |    53 ||   111
